 Dungeon Crawl Stone Soup version 0.30.0-18-gc0e69614cb (webtiles) character file.

Game seed: 16805606629325487665

41 sampeng1 the Chopper (level 3, -2/43 HPs)
             Began as a Human Berserker on May 24, 2023.
             Was a Follower of Trog.
             Killed from afar by Sigmund (8 damage)
             ... with a magic dart
             ... on level 2 of the Dungeon.
             The game lasted 00:04:39 (1574 turns).

sampeng1 the Chopper (Human Berserker)              Turns: 1574, Time: 00:04:39

Health: -2/43      AC:  8    Str: 25    XL:     3   Next: 75%
Magic:  3/3        EV: 11    Int:  7    God:    Trog [*.....]
Gold:   36         SH:  0    Dex: 12    Spells: 2/2 levels left

rFire   . . .        a - +0 hand axe
rCold   . . .        (no shield)
rNeg    . . .        o - +0 ring mail
rPois   .            (no helmet)
rElec   .            g - +2 cloak "Lomiuvat" {Regen+ Str+6}
rCorr   .            (no gloves)
SInv    .            (no boots)
Will    .....        (no amulet) Stlth
                     (no ring)
HPRegen 1.07/turn    (no ring)
MPRegen 0.08/turn

%: no passive effects
@: berserking, very quick
A: no striking features
a: Renounce Religion, Berserk


You were on level 2 of the Dungeon.
You worshipped Trog.
Trog was aware of your devotion.
You visited 1 branch of the dungeon, and saw 2 of its levels.

You collected 36 gold pieces.

Inventory:

Hand Weapons
 a - a +0 hand axe (weapon)
Missiles
 d - 24 stones
 h - 2 javelins (quivered)
Armour
 b - a +0 animal skin
 g - the +2 cloak "Lomiuvat" (worn) {Regen+ Str+6}
   (You acquired it on level 2 of the Dungeon)

   Str:       It affects your strength (+6).
   Regen:     It increases your rate of health regeneration.
 n - an orb of guile
 o - a +0 ring mail (worn)
Scrolls
 k - a scroll of magic mapping {unknown}
 m - a scroll of teleportation {unknown}
Potions
 c - a potion of heal wounds {unknown}
 e - a potion of haste {unknown}
 f - 2 potions of might {unknown}
 i - a potion of brilliance {unknown}
 j - a potion of berserk rage {unknown}
 l - a potion of flight {unknown}
 p - a potion of mutation {unknown}


   Skills:
 + Level 3.3 Fighting
 + Level 3.4 Axes
 + Level 2.5 Armour
 + Level 2.5 Dodging


You had 2 spell levels left.
You didn't know any spells.
Your spell library was empty.

Dungeon Overview and Level Annotations

Branches:
Dungeon (2/15)

Altars:
Okawaru

Shops:
D:1 [   D:2 =

Annotations:
D:2 Sigmund


Message History

Sigmund barely misses you.
You hit Sigmund.
Sigmund is lightly wounded.
You hit Sigmund.
Sigmund is moderately wounded.
Sigmund misses you.
You closely miss Sigmund.
Sigmund is moderately wounded.
Sigmund hits you with a +0 scythe!
You hit Sigmund but do no damage.
Sigmund is lightly wounded.
Sigmund says, "Don't worry, I'll kill you fast."
Sigmund gestures at you while chanting. The magic dart hits you.
* * * LOW HITPOINT WARNING * * *
You hit Sigmund.
Sigmund is moderately wounded.
Sigmund gestures at you while chanting. The magic dart hits you.
* * * LOW HITPOINT WARNING * * *
A red film seems to cover your vision as you go berserk!
You feel yourself moving faster!
You feel mighty! Sigmund barely misses you.
You hit Sigmund.
Sigmund is heavily wounded.
You barely miss Sigmund.
Sigmund is heavily wounded.
Sigmund casts a spell.
Sigmund flickers and vanishes!
Deactivating autopickup; reactivate with Ctrl-A.
You barely miss something.
You hear some strange, mumbled words.
A puff of flame appears from out of thin air!
The puff of flame hits you!
* * * LOW HITPOINT WARNING * * *
You closely miss something. Your punch misses something. You slash something!
You hear some strange, mumbled words.
A magic dart appears from out of thin air!
The magic dart hits you!
You die...

#. ∩ #. ≈≈########
#........# .........#
#........# #......†.#
#......$.################
#.......@'...............
#.......{################
#......... #.#+#+##### #


There were no monsters in sight!

Vanquished Creatures
  A worm (D:1)
  A dart slug (D:1)
  3 ball pythons
  5 endoplasms
  8 goblins
  3 hobgoblins
  2 kobolds (D:1)
  2 quokkas (D:1)
  2 bats (D:1)
  2 frilled lizards
  A rat (D:1)
30 creatures vanquished.

Notes
Turn   | Place    | Note
-------+----------+-------------------------------------------
     0 | D:1      | sampeng1 the Human Berserker began the quest for the Orb.
     0 | D:1      | Reached XP level 1. HP: 18/18 MP: 1/1
   130 | D:1      | Reached XP level 2. HP: 4/24 MP: 2/2
   552 | D:1      | Reached XP level 3. HP: 29/29 MP: 3/3
  1415 | D:2      | Identified a scroll of acquirement
  1415 | D:2      | Acquired the +2 cloak "Lomiuvat" {Regen+ Str+6}
  1504 | D:2      | Found an iron altar of Okawaru.
  1554 | D:2      | Noticed Sigmund
  1556 | D:2      | Found Agaong's Jewellery Shop.
  1574 | D:2      | Killed from afar by Sigmund

Illustrated notes

Levels and vault maps discovered:
D:1:      saegor_arrival_simple_a, layout_basic, serial_shops, shop,
          minmay_crystal_room, minmay_misc_feat_pillars, nicolae_wormholes
D:2:      layout_basic, serial_shops, nicolae_shop_peninsula, basic_altar,
          cheibrodos_gnoll_hut, uniq_sigmund

Action                     || total
---------------------------++-------
  Melee: Hand axe          ||    98
 Invoke: Berserk           ||     1
    Use: Scroll            ||     3
   Stab: Sleeping          ||     1
 Armour: Animal skin       ||    15
         Ring mail         ||     4
  Dodge: Dodged            ||    61
